 Dungeon Crawl Stone Soup version 0.31-a0-1068-g5939ac1fb6 (webtiles) character file.

Game seed: 10878808394463878544

28 Azuregosa the Sneak (level 3, -4/27 HPs)
             Began as an Octopode Delver on Nov 24, 2023.
             Slain by a river rat (9 damage)
             ... in a sewer.
             The game lasted 00:01:22 (141 turns).

Azuregosa the Sneak (Octopode Delver)                Turns: 141, Time: 00:01:23

Health: -4/27      AC:  1    Str: 11    XL:     3   Next: 12%
Magic:  3/3        EV: 13    Int: 14    God:
Gold:   0          SH:  0    Dex: 13    Spells: 2/2 levels left

rFire   . . .        a - +0 hand axe
rCold   . . .        (no shield)
rNeg    . . .        (helmet restricted)
rPois   .            (no amulet)
rElec   .            (no ring)
rCorr   .            (no ring)
SInv    .            (no ring)
Will    .....        (no ring)
Stlth   +++++        (no ring)
HPRegen 0.24/turn    (no ring)
MPRegen 0.08/turn    (no ring)
                     (no ring)

%: no passive effects
@: no status effects
A: almost no armour, amphibious, 8 rings, camouflage 1, gelatinous body 1,
nimble swimmer 1, tentacles
a: no special abilities


You were in a sewer.
You visited 1 branch of the dungeon, and saw 1 of its levels.
You also visited: Sewer.

Inventory:

Hand Weapons
 a - a +0 hand axe (weapon)
Wands
 f - a wand of digging (3)
Scrolls
 b - a scroll of fog
 d - a scroll of fear
Potions
 c - a potion of curing {unknown}
 e - a potion of haste


   Skills:
 + Level 4.2 Fighting
 - Level 2.0 Axes
 - Level 2.0 Dodging
 - Level 6.6 Stealth


You had 2 spell levels left.
You didn't know any spells.
Your spell library was empty.

Dungeon Overview and Level Annotations

Branches:
Dungeon (5/15)              Sewer (1/1)
 Temple: D:4-7

Altars:


Innate Abilities, Weirdness & Mutations

You cannot wear most types of armour.
You are amphibious.
You can wear up to eight rings at the same time.
Your skin changes colour to match your surroundings (Stealth+).
Your rubbery body absorbs attacks. (AC +1, EV +1)
You are camouflaged when in or above water. (Stealth+)
You have tentacles for arms and can constrict up to eight enemies at once.


Message History

You hit the river rat. You grab the river rat.
You squeeze the river rat, but do no damage.
The river rat is lightly wounded.
You constrict the river rat. The river rat closely misses you.
You hit the river rat but do no damage.
The river rat is heavily wounded.
You constrict the river rat. The river rat barely misses you.
You hit the river rat.
You kill the river rat!
Your Fighting skill increases to level 4!
You have reached level 3!
Your experience leads to an increase in your attributes!
Increase (S)trength, (I)ntelligence, or (D)exterity?
You feel clever. x2
You see here a river rat corpse.
You enter the shallow water.
The helpless river rat fails to defend itself.
You hit the river rat but do no damage. Your grab misses the river rat.
The river rat bites you!
You hit the river rat but do no damage. You grab the river rat.
You constrict the river rat. The river rat closely misses you.
The river rat bites you!
You hit the river rat but do no damage.
Your tentacle-slap misses the river rat.
The river rat is lightly wounded.
You constrict the river rat, but do no damage.
The river rat bites you!
* * * LOW HITPOINT WARNING * * *
You hit the river rat but do no damage.
The river rat is lightly wounded.
You constrict the river rat. The river rat barely misses you.
You hit the river rat.
The river rat is moderately wounded.
You constrict the river rat.
The river rat twitches its whiskers.
The river rat completely misses you.
You barely miss the river rat.
The river rat is heavily wounded.
You constrict the river rat. The river rat bites you!
You die...

#########
###~~~~~..###
###~.~..†.@..~#
#.††.~##+##r~~~.#
##.~~### ##..~#
#..~## ~~~# #~.~#
.~# #...## ~..#
##..~### ##...##
#.~~.~#####~.~~.#
###~.~.~∩~.~~.#


You could see a river rat.

Vanquished Creatures
  2 river rats (Sewer)
  A giant cockroach (D:5)
  4 quokkas (D:5)
  4 rats (Sewer)
11 creatures vanquished.

Notes
Turn   | Place    | Note
-------+----------+-------------------------------------------
     0 | D:5      | Azuregosa the Octopode Delver began the quest for the Orb.
     0 | D:5      | Reached XP level 1. HP: 16/16 MP: 1/1
    27 | D:5      | Found a glowing drain.
    41 | D:5      | Reached XP level 2. HP: 4/21 MP: 2/2
   104 | Sewer    | Entered a sewer
   133 | Sewer    | Reached XP level 3. HP: 27/27 MP: 3/3
   141 | Sewer    | Slain by a river rat

Illustrated notes

Levels and vault maps discovered:
D:5:      layout_cave_pods, portal_sewer_entry_f
Sewer:    sewer_hellmonk_bad_rat

Skill      XL: |  1  2 |
---------------+-------+-----
Fighting       | 4 |  4.2
Axes           | |  2.0
Dodging        | |  2.0
Stealth        | |  6.6

Action                     || total
---------------------------++-------
  Melee: Hand axe          ||    25
         Constrict         ||     7
         Tentacles         ||     3
    Use: Scroll            ||     1
   Stab: Sleeping          ||     4
 Armour: Skin              ||    12
  Dodge: Dodged            ||    19

Table legend: (Time is in decaauts)
 A = Elapsed time spent in this place.
 B = Non-inter-level travel time spent in this place.
 C = Inter-level travel time spent in this place.
 D = Time resting spent in this place.
 E = Time spent auto-exploring this place.
 F = Levels seen in this place.
 G = Mean time per level.
                   A        B        C        D        E       F      G
               +--------+--------+--------+--------+--------+-----+--------+
         Total |    145 |    145 |      0 |     58 |      0 |   2 |   72.5 |
       Dungeon |    106 |    106 |      0 |     58 |      0 |   1 |  106.0 |
         Sewer |     39 |     39 |      0 |      0 |      0 |   1 |   39.0 |
               +--------+--------+--------+--------+--------+-----+--------+

Top non-repeatable levels by time:
     D:5: 106 daAuts
   Sewer: 39 daAuts
